 Dungeon Crawl Stone Soup version 0.30-b1-2-g02819fbbbe (webtiles) character file.

Game seed: 10949641530266847497

32 Angani the Insei (level 3, -4/29 HPs)
             Began as a Demonspawn Monk on May 16, 2023.
             Slain by a gnoll
             ... wielding a +0 halberd
              (16 damage)
             ... on level 2 of the Dungeon.
             The game lasted 00:01:16 (1028 turns).

Angani the Insei (Demonspawn Monk)                  Turns: 1028, Time: 00:01:16

Health: -4/29      AC:  2    Str: 13    XL:     3   Next: 8%
Magic:  3/3        EV: 12    Int: 11    God:
Gold:   8          SH:  0    Dex: 15    Spells: 2/2 levels left

rFire   . .          .
                       - Unarmed
rCold   . . .        c - orb {light}
rNeg    . . .        a - +0 robe
rPois   +            (helmet restricted)
rElec   .            (no cloak)
rCorr   .            (no gloves)
SInv    .            (no boots)
Will    .....        (no amulet)
Stlth   +            f - ring of poison resistance
HPRegen 0.24/turn    (no ring)
MPRegen 0.08/turn

%: no passive effects
@: glowing
A: horns 1
a: no special abilities


You were on level 2 of the Dungeon.
You visited 1 branch of the dungeon, and saw 2 of its levels.

You collected 8 gold pieces.

Inventory:

Missiles
 i - 6 curare-tipped darts (quivered)
Armour
 a - a +0 robe (worn)
 c - an orb of light (worn)
Jewellery
 f - a ring of poison resistance (left hand)
Scrolls
 d - 2 scrolls of immolation {unknown}
 e - 3 scrolls of identify {unknown}
Potions
 b - a potion of ambrosia
 g - a potion of haste {unknown}
 h - a potion of attraction {unknown}
 j - 2 potions of mutation {unknown}


   Skills:
 - Level 3.0 Fighting
 - Level 2.6 Dodging
 + Level 3.9 Unarmed Combat


You had 2 spell levels left.
You didn't know any spells.
Your spell library contained the following spells:

 Spells                   Type           Power      Damage    Failure   Level
 Poisonous Vapours        Pois/Air       0%         N/A       47%         2
 Sublimation of Blood     Necr           0%         N/A       47%         2
 Wereblood                Tmut           0%         N/A       47%         2
 Mephitic Cloud           Conj/Pois/Air  0%         N/A       71%         3
 Freezing Cloud           Conj/Ice/Air   0%         6-21      100%        5
 Summon Hydra             Summ           0%         N/A       100%        7


Dungeon Overview and Level Annotations

Branches:
Dungeon (2/15)

Altars:


Innate Abilities, Weirdness & Mutations

You have a pair of small horns on your head.


Message History

HP restored. 2 gnolls come into view.
The gnoll shouts! x2
A gnoll comes into view. It is wielding a +0 club.
Items here: ( ) ? †.
The gnoll shouts!
You hit the gnoll. Your headbutt misses the gnoll.
The gnoll is moderately wounded.
You hear a shout!
A gnoll comes into view. It is wielding a +0 halberd.
The gnoll misses you. The gnoll attacks as you move away!
The gnoll closely misses you.
You hit the gnoll.
The gnoll is severely wounded.
The gnoll closely misses you.
You barely miss the gnoll.
The gnoll is severely wounded.
The gnoll closely misses you. The gnoll attacks as you move away!
The gnoll hits you with a +0 whip. The gnoll attacks as you move away!
The gnoll closely misses you. The gnoll attacks as you move away!
The gnoll closely misses you.
You hit the gnoll. Your headbutt misses the gnoll.
The gnoll is almost dead.
The gnoll hits you with a +0 whip!
You aren't carrying any items that you can evoke.
Unknown command.
You hit the gnoll but do no damage.
The gnoll is almost dead.
The gnoll hits you with a +0 whip.
Found a stone staircase leading up.
Found 18 gold pieces.
The gnoll misses you. The gnoll barely misses you.
The gnoll attacks as you move away! The gnoll hits you with a +0 whip.
The gnoll attacks as you move away! The gnoll misses you.
The gnoll attacks as you move away! The gnoll closely misses you.
There is a stone staircase leading up here.
The gnoll hits you with a +0 club.
The gnoll hits you from afar with a +0 halberd!
Ouch! That really hurt!
You die...

...# #)# #
#.#######.### #.
#...........#
#.###.##.##.....#
#..........(....# .
####$#.g###.##.....#
... .....#.g#
#.##.....#....
#...gg#
#.............
#.###@#
######...#.... # #.#
#........ #.#
##....... #.#
.(..... #.. .......
#.. ......# #.#
......# #.# .##.###


You could see 4 gnolls.

Vanquished Creatures
  4 ball pythons (D:1)
  6 bats
  4 endoplasms (D:1)
  3 goblins (D:1)
  5 hobgoblins (D:1)
  A kobold (D:2)
  A quokka (D:1)
  4 rats (D:1)
28 creatures vanquished.

Notes
Turn   | Place    | Note
-------+----------+-------------------------------------------
     0 | D:1      | Angani the Demonspawn Monk began the quest for the Orb.
     0 | D:1      | Reached XP level 1. HP: 18/18 MP: 1/1
   115 | D:1      | Gained mutation: You have a pair of small horns on your
                  | head. [demonic ancestry]
   115 | D:1      | Reached XP level 2. HP: 24/24 MP: 2/2
   734 | D:1      | Reached XP level 3. HP: 24/29 MP: 3/3
  1028 | D:2      | Slain by a gnoll

Illustrated notes

Levels and vault maps discovered:
D:1:      psy_arrival_radial01, layout_basic, kennysheep_boxes
D:2:      layout_loops_ring, chequers_ecumenical_altar_simple, minmay_rat_hole,
          uniq_sigmund

Skill      XL: |  1 |
---------------+----+-----
Unarmed Combat | 3 |  3.9
Fighting       | |  3.0
Dodging        | |  2.6

Action                     || total
---------------------------++-------
  Melee: Unarmed           ||    86
         Headbutt          ||    15
 Armour: Robe              ||    25
  Dodge: Dodged            ||    85
